 Dungeon Crawl Stone Soup version 0.31-a0-152-g6aa68a64a1 (webtiles) character file.

Game seed: 7629329565467581765

20229 qw the Skirmisher (level 12, -6/116 HPs)
             Began as a Naga Hunter on June 10, 2023.
             Was a High Priest of Okawaru.
             Mangled by a yak (13 damage)
             ... on level 1 of the Lair of Beasts.
             The game lasted 00:04:01 (11799 turns).

qw the Skirmisher (Naga Hunter)                    Turns: 11799, Time: 00:04:02

Health: -6/116     AC:  9    Str: 21    XL:     12   Next: 77%
Magic:  17/18      EV: 26    Int: 13    God:    Okawaru [*****.]
Gold:   360        SH:  0    Dex: 19    Spells: 11/11 levels left

rFire   + . .        a - +7 arbalest of Ynipheew {heavy, Str+9 Int-3}
rCold   + + .        (shield currently unavailable)
rNeg    . . .        p - +2 robe {rC+}
rPois   +            g - +2 hat
rElec   .            l - scarf {rC+ rF+}
rCorr   .            (no gloves)
SInv    +            (no barding)
Will    +....        (no amulet)
Stlth   ++++         e - +5 ring of evasion
HPRegen 0.39/turn    h - ring "Bicatul" {EV+5 Str-2 Int+6}
MPRegen 0.16/turn

%: no passive effects
@: heroic, very slow
A: AC +4, large, see invisible, deformed body, poison resistance, slowness 2,
spit poison 1, naga tail 1
a: Spit Poison, Renounce Religion, Heroism, Finesse, Duel


You were on level 1 of the Lair of Beasts.
You worshipped Okawaru.
Okawaru was extremely pleased with you.
You visited 3 branches of the dungeon, and saw 13 of its levels.

You collected 600 gold pieces.
You spent 240 gold pieces at shops.


Innate Abilities, Weirdness & Mutations

Your serpentine skin is tough. (AC +4)
You have supernaturally acute eyesight. (SInv)
Armour fits poorly on your strangely shaped body.
Your system is resistant to poisons. (rPois)
You cover ground very slowly.
You can spit poison.
You have a snake-like lower body.


   Skills:
 - Level 10.0(15.0) Fighting
 + Level 14.7(19.7) Ranged Weapons
 - Level 1.0(6.0) Armour
 - Level 5.3(10.3) Dodging
 - Level 1.5(6.5) Stealth
 + Level 8.3 Invocations


You had 11 spell levels left.
You didn't know any spells.
Your spell library was empty.

Inventory:

Hand Weapons
 a - the +7 arbalest of Ynipheew (weapon) {heavy, Str+9 Int-3}
   (You acquired it on level 1 of the Dungeon)

   Str:       It affects your strength (+9).
   Int:       It affects your intelligence (-3).
Armour
 g - a +2 hat (worn)
 l - a scarf of resistance (worn)
 p - a +2 robe of cold resistance (worn)
 r - +0 steam dragon scales
Jewellery
 e - a +5 ring of evasion (left hand)
 h - the ring "Bicatul" (right hand) {EV+5 Str-2 Int+6}
   (You took it off an orc priest on level 6 of the Dungeon)

   [ring of evasion]

   EV:        It affects your evasion (+5).
   Str:       It affects your strength (-2).
   Int:       It affects your intelligence (+6).
Wands
 c - a wand of digging (8)
Scrolls
 i - a scroll of identify
 j - a scroll of enchant weapon
 n - a scroll of fog {unknown}
Potions
 b - 4 potions of might
 d - 2 potions of cancellation
 f - 2 potions of haste
 m - 2 potions of magic
 o - 6 potions of curing

Dungeon Overview and Level Annotations

Branches:
Dungeon (11/15)            Temple (1/1) D:7            Lair (1/5) D:11
    Orc (0/2) D:9

Altars:
Ashenzari
Cheibriados
Dithmenos
Elyvilon
Fedhas
Gozag
Hepliaklqana
Kikubaaqudgha
Makhleb
Nemelex Xobeh
Okawaru
Qazlal
Ru
Sif Muna
Trog
Uskayaw
Vehumet
Wu Jian
Xom
Yredelemnul
Zin
The Shining One

Shops:
D:4 ?   D:8 *

Portals:
Trove: D:11 (lose all piety)

Annotations:
D:10 3 runed translucent doors, qw's ghost, novice NaHu


Message History

The yak barely misses you. The yak closely misses you.
11792 ||| INVOKING Heroism.
You gain the combat prowess of a mighty hero.
The yak gores you! The yak closely misses you. The yak gores you!
The yak completely misses you. The yak gores you! The yak barely misses you.
You shoot a bolt. The bolt barely misses the yak.
The yak completely misses you. x3; The yak closely misses you.
The yak barely misses you. The yak gores you. The yak completely misses you.
The yak gores you! The yak closely misses you.
The yak completely misses you. x3
11794 ||| DRINKING potion of heal wounds.
You feel much better. The yak completely misses you. The yak barely misses you.
The yak misses you. The yak completely misses you. The yak gores you.
The yak closely misses you.
You shoot a bolt. The bolt hits the yak!
You kill the yak!
Okawaru accepts your kill. The yak gores you. The yak completely misses you.
The yak misses you. x2
You shoot a bolt. The bolt hits the yak!!!
You kill the yak!
Okawaru accepts your kill. The yak gores you! The yak completely misses you. x2
The yak closely misses you. The yak misses you. The yak gores you!
The yak misses you. The yak gores you but does no damage. The yak gores you!
The yak completely misses you.
You shoot a bolt. The bolt hits the yak!!!
You kill the yak!
Okawaru accepts your kill. The yak gores you but does no damage.
The yak barely misses you. x2
The yak closely misses you.
You shoot a bolt. The bolt hits the yak!!
The yak is severely wounded.
The yak completely misses you. The yak closely misses you.
The yak completely misses you. The yak closely misses you.
The yak completely misses you. The yak misses you.
The yak completely misses you. The yak barely misses you.
You shoot a bolt. The bolt hits the yak!
You kill the yak!
Okawaru accepts your kill. The yak gores you!
You die...

### ### #
##########.########.####
........................
......YY%...............
......Y@................
......%%.....)..........
#####.#####.###..###....
## # ### ######....
##.#####.##.#....
.................
.................
.................
.................


You could see 3 yaks.

Vanquished Creatures
  Fannar (D:10)
  A catoblepas (Lair:1)
  A boulder beetle (D:10)
  2 two-headed ogres (D:10)
  Nergalle (Lair:1)
  2 lindwurms (Lair:1)
  2 cyclopes (D:11)
  An unseen horror (D:10)
  A rime drake (Lair:1)
  2 kobold demonologists (D:11)
  A polar bear (Lair:1)
  2 hornets
  A shadow (D:9)
  3 wraiths
  Eustachio (D:6)
  43 yaks
  4 wyverns
  Grum (D:8)
  4 basilisks
  3 steam dragons
  Duvessa (D:6)
  9 water moccasins
  An orc warrior (D:9)
  2 ice beasts
  2 ogres
  2 wolves (D:8)
  5 centaurs
  A phantom (D:9)
  2 kobold brigands
  7 bullfrogs
  5 scorpions
  5 wights (D:6)
  Dowan (D:6)
  A troll zombie (D:9)
  4 killer bees (D:9)
  7 howler monkeys
  3 hounds
  4 orc priests
  2 jellies
  2 gnoll boudas
  2 iguanas (D:6)
  4 sleepcaps
  8 orc wizards
  7 ogre zombies (D:9)
  16 gnolls
  10 adders
  3 shadow imps
  2 white imps
  3 worms (D:2)
  2 dart slugs
  17 orcs
  7 endoplasms
  2 giant cockroaches (D:1)
  4 goblins
  9 hobgoblins
  12 jackals
  24 kobolds
  A quokka (D:4)
  6 ball pythons
  3 bats
  3 frilled lizards
  3 goblin skeletons (D:9)
  2 goblin zombies (D:9)
  A hobgoblin skeleton (D:9)
  3 hobgoblin zombies (D:9)
  4 orc skeletons (D:9)
  12 orc zombies (D:9)
  3 rats
316 creatures vanquished.

Notes
Turn   | Place    | Note
-------+----------+-------------------------------------------
     0 | D:1      | qw the Naga Hunter began the quest for the Orb.
     0 | D:1      | Reached XP level 1. HP: 19/19 MP: 1/1
     0 | D:1      | 0 ||| qw: Version: 0.2-a-122-gbc61b45
     0 | D:1      | 0 ||| qw: Game counter: 3630
     0 | D:1      | 0 ||| qw: Always use a shield: true
     0 | D:1      | 0 ||| qw: God list: Okawaru
     0 | D:1      | 0 ||| qw: Allow faded altars: false
     0 | D:1      | 0 ||| qw: Do Orc after D:15 true
     0 | D:1      | 0 ||| qw: Do second Lair branch before Depths: true
     0 | D:1      | 0 ||| qw: Lair rune preference: random
     0 | D:1      | 0 ||| qw: Plans: Normal
     0 | D:1      | 0 ||| PLANNING D:1-11
    14 | D:1      | 14 ||| INVOKING Spit Poison.
    34 | D:1      | 34 ||| INVOKING Spit Poison.
    40 | D:1      | 40 ||| INVOKING Spit Poison.
    46 | D:1      | 46 ||| INVOKING Spit Poison.
    53 | D:1      | 53 ||| INVOKING Spit Poison.
   142 | D:1      | Reached skill level 4 in Ranged Weapons
   142 | D:1      | Reached XP level 2. HP: 26/26 MP: 2/2
   167 | D:1      | 167 ||| INVOKING Spit Poison.
   255 | D:1      | 255 ||| INVOKING Spit Poison.
   279 | D:1      | 279 ||| INVOKING Spit Poison.
   286 | D:1      | 286 ||| INVOKING Spit Poison.
   453 | D:1      | 453 ||| INVOKING Spit Poison.
   457 | D:1      | 457 ||| INVOKING Spit Poison.
   589 | D:1      | 589 ||| INVOKING Spit Poison.
   596 | D:1      | 596 ||| INVOKING Spit Poison.
   599 | D:1      | 599 ||| INVOKING Spit Poison.
   600 | D:1      | Reached XP level 3. HP: 32/32 MP: 3/3
   670 | D:1      | 670 ||| INVOKING Spit Poison.
   864 | D:1      | 864 ||| INVOKING Spit Poison.
   908 | D:1      | 908 ||| READING scroll labelled UFRYBR YG TOAT.
   908 | D:1      | Identified a scroll of acquirement
   908 | D:1      | 908 ||| ACQUIRING +7 arbalest of Ynipheew {heavy, Str+9
                  | Int-3}
   908 | D:1      | Acquired the +7 arbalest of Ynipheew {heavy, Str+9 Int-3}
   910 | D:1      | 910 ||| SWAPPING to +7 arbalest of Ynipheew {heavy, Str+9
                  | Int-3}.
   911 | D:1      | 911 ||| DROPPING +0 shortbow.
   912 | D:1      | 912 ||| READING scroll labelled YQUMNYTE FAHEVONU.
   913 | D:1      | 913 ||| READING scroll labelled QEISTR DIXZYUVU.
   914 | D:1      | 914 ||| READING scroll labelled FEFADW HYCYL.
   915 | D:1      | 915 ||| DRINKING 3 black potions.
   916 | D:1      | 916 ||| DROPPING scroll of butterflies.
  1036 | D:2      | 1036 ||| INVOKING Spit Poison.
  1039 | D:2      | 1039 ||| INVOKING Spit Poison.
  1148 | D:2      | 1148 ||| INVOKING Spit Poison.
  1183 | D:2      | 1183 ||| INVOKING Spit Poison.
  1189 | D:2      | 1189 ||| INVOKING Spit Poison.
  1192 | D:2      | 1192 ||| INVOKING Spit Poison.
  1235 | D:2      | Found a faded altar of an unknown god.
  1235 | D:2      | Noticed a scorpion
  1236 | D:2      | 1236 ||| INVOKING Spit Poison.
  1239 | D:2      | 1239 ||| INVOKING Spit Poison.
  1240 | D:2      | Killed a scorpion
  1241 | D:2      | Reached skill level 5 in Ranged Weapons
  1241 | D:2      | Reached XP level 4. HP: 17/39 MP: 4/4
  1241 | D:2      | Reached XP level 5. HP: 20/45 MP: 5/5
  1297 | D:2      | 1297 ||| FLEEEEING.
  1298 | D:2      | 1298 ||| FLEEEEING.
  1299 | D:2      | 1299 ||| FLEEEEING.
  1302 | D:2      | 1302 ||| FLEEEEING.
  1303 | D:2      | 1303 ||| STAIRDANCE
  1353 | D:1      | 1353 ||| UPGRADING to +0 helmet.
  1358 | D:1      | 1358 ||| READING scroll labelled XIRGHU NI QUO.
  1359 | D:1      | 1359 ||| READING scroll labelled LIOTHR TAOXI.
  1364 | D:1      | 1364 ||| READING scroll labelled DULAKISMU.
  1671 | D:2      | 1671 ||| INVOKING Spit Poison.
  1691 | D:2      | 1691 ||| INVOKING Spit Poison.
  1703 | D:2      | 1703 ||| INVOKING Spit Poison.
  1720 | D:2      | 1720 ||| INVOKING Spit Poison.
  1747 | D:2      | 1747 ||| INVOKING Spit Poison.
  1750 | D:2      | 1750 ||| INVOKING Spit Poison.
  2002 | D:2      | 2002 ||| READING scroll labelled SATYISOALU.
  2003 | D:2      | 2003 ||| READING scroll labelled VIDGHA DASMETZ.
  2004 | D:2      | 2004 ||| READING scroll labelled FAREPH BEOSTEU.
  2005 | D:2      | 2005 ||| DRINKING 3 clear potions.
  2006 | D:2      | 2006 ||| DROPPING 2 potions of attraction.
  2066 | D:3      | 2066 ||| INVOKING Spit Poison.
  2069 | D:3      | 2069 ||| INVOKING Spit Poison.
  2073 | D:3      | 2073 ||| INVOKING Spit Poison.
  2093 | D:3      | 2093 ||| INVOKING Spit Poison.
  2099 | D:3      | 2099 ||| INVOKING Spit Poison.
  2137 | D:3      | 2137 ||| INVOKING Spit Poison.
  2191 | D:3      | Reached skill level 3 in Fighting
  2231 | D:3      | 2231 ||| INVOKING Spit Poison.
  2449 | D:3      | 2449 ||| INVOKING Spit Poison.
  2477 | D:3      | 2477 ||| INVOKING Spit Poison.
  2481 | D:3      | 2481 ||| INVOKING Spit Poison.
  2507 | D:3      | 2507 ||| INVOKING Spit Poison.
  2509 | D:3      | 2509 ||| INVOKING Spit Poison.
  2535 | D:3      | Found a sacrificial altar of Ru.
  2630 | D:4      | 2630 ||| STAIRDANCE
  2634 | D:4      | 2634 ||| STAIRDANCE
  2636 | D:3      | 2636 ||| INVOKING Spit Poison.
  2640 | D:4      | 2640 ||| STAIRDANCE
  2644 | D:4      | 2644 ||| STAIRDANCE
  2648 | D:4      | 2648 ||| STAIRDANCE
  2652 | D:4      | 2652 ||| STAIRDANCE
  2656 | D:4      | 2656 ||| STAIRDANCE
  2660 | D:4      | 2660 ||| STAIRDANCE
  2664 | D:4      | 2664 ||| STAIRDANCE
  2668 | D:4      | 2668 ||| STAIRDANCE
  2672 | D:4      | 2672 ||| STAIRDANCE
  2676 | D:4      | 2676 ||| STAIRDANCE
  2680 | D:4      | 2680 ||| STAIRDANCE
  2684 | D:4      | 2684 ||| STAIRDANCE
  2688 | D:4      | 2688 ||| STAIRDANCE
  2692 | D:4      | 2692 ||| STAIRDANCE
  2696 | D:4      | 2696 ||| STAIRDANCE
  2700 | D:4      | 2700 ||| STAIRDANCE
  2704 | D:4      | 2704 ||| STAIRDANCE
  2708 | D:4      | 2708 ||| STAIRDANCE
  2806 | D:4      | Reached skill level 6 in Ranged Weapons
  2806 | D:4      | Reached XP level 6. HP: 56/56 MP: 6/6
  2811 | D:4      | 2811 ||| INVOKING Spit Poison.
  2896 | D:4      | 2896 ||| INVOKING Spit Poison.
  2936 | D:4      | 2936 ||| READING scroll labelled QIUNKU HEUHY.
  3029 | D:4      | 3029 ||| DRINKING 2 fuming grey potions.
  3034 | D:4      | 3034 ||| INVOKING Spit Poison.
  3038 | D:4      | 3038 ||| INVOKING Spit Poison.
  3039 | D:4      | 3039 ||| INVOKING Spit Poison.
  3095 | D:4      | 3095 ||| INVOKING Spit Poison.
  3098 | D:4      | 3098 ||| INVOKING Spit Poison.
  3102 | D:4      | 3102 ||| INVOKING Spit Poison.
  3104 | D:4      | 3104 ||| INVOKING Spit Poison.
  3226 | D:4      | Found Osicurghy's Magic Scroll Boutique.
  3232 | D:4      | 3232 ||| SHOPLISTING scroll of acquirement (676 gold, have
                  | 253).
  3232 | D:4      | 3232 ||| BUYING scroll of enchant weapon (97 gold).
  3232 | D:4      | Bought a scroll of enchant weapon for 97 gold pieces
  3232 | D:4      | 3232 ||| BUYING scroll of identify (26 gold).
  3232 | D:4      | Bought a scroll of identify for 26 gold pieces
  3232 | D:4      | 3232 ||| BUYING scroll of identify (26 gold).
  3232 | D:4      | Bought a scroll of identify for 26 gold pieces
  3232 | D:4      | 3232 ||| BUYING scroll of identify (26 gold).
  3232 | D:4      | Bought a scroll of identify for 26 gold pieces
  3232 | D:4      | 3232 ||| BUYING scroll of identify (26 gold).
  3232 | D:4      | Bought a scroll of identify for 26 gold pieces
  3232 | D:4      | 3232 ||| BUYING scroll of teleportation (39 gold).
  3232 | D:4      | Bought a scroll of teleportation for 39 gold pieces
  3346 | D:4      | 3346 ||| INVOKING Spit Poison.
  3350 | D:4      | 3350 ||| INVOKING Spit Poison.
  3354 | D:4      | 3354 ||| INVOKING Spit Poison.
  3355 | D:4      | 3355 ||| INVOKING Spit Poison.
  3431 | D:4      | 3431 ||| READING 5 scrolls of identify.
  3431 | D:4      | 3431 ||| IDENTIFYING orange potion
  3432 | D:4      | 3432 ||| READING 4 scrolls of identify.
  3432 | D:4      | 3432 ||| IDENTIFYING emerald potion
  3433 | D:4      | 3433 ||| READING 3 scrolls of identify.
  3433 | D:4      | 3433 ||| IDENTIFYING ruby potion
  3434 | D:4      | 3434 ||| READING 2 scrolls of identify.
  3434 | D:4      | 3434 ||| IDENTIFYING pink potion
  3435 | D:4      | 3435 ||| DROPPING potion of brilliance.
  3436 | D:4      | 3436 ||| DROPPING potion of degeneration.
  3466 | D:5      | Entered Level 5 of the Dungeon
  3467 | D:5      | 3467 ||| INVOKING Spit Poison.
  3470 | D:5      | 3470 ||| STAIRDANCE
  3472 | D:4      | 3472 ||| INVOKING Spit Poison.
  3473 | D:4      | Reached XP level 7. HP: 34/64 MP: 7/7
  3584 | D:5      | 3584 ||| STAIRDANCE
  3586 | D:4      | 3586 ||| INVOKING Spit Poison.
  3659 | D:5      | 3659 ||| INVOKING Spit Poison.
  3660 | D:5      | 3660 ||| STAIRDANCE
  3662 | D:4      | HP: 15/64 [gnoll bouda/+0 whip (4)]
  3663 | D:4      | 3663 ||| READING scroll of teleportation.
  3664 | D:4      | 3664 ||| DRINKING potion of heal wounds.
  3665 | D:4      | 3665 ||| INVOKING Spit Poison.
  3816 | D:5      | 3816 ||| INVOKING Spit Poison.
  3851 | D:5      | Reached skill level 7 in Ranged Weapons
  4118 | D:5      | 4118 ||| INVOKING Spit Poison.
  4121 | D:5      | 4121 ||| INVOKING Spit Poison.
  4267 | D:5      | 4267 ||| INVOKING Spit Poison.
  4269 | D:5      | Reached skill level 8 in Ranged Weapons
  4269 | D:5      | Reached XP level 8. HP: 72/72 MP: 8/8
  4362 | D:5      | 4362 ||| INVOKING Spit Poison.
  4366 | D:5      | 4366 ||| INVOKING Spit Poison.
  4369 | D:5      | 4369 ||| INVOKING Spit Poison.
  4583 | D:5      | You fall into a shaft and drop 2 floors!
  4608 | D:7      | Found a staircase to the Ecumenical Temple.
  4609 | D:7      | 4609 ||| PLANNING TEMPLE
  4609 | D:7      | 4609 ||| UPGRADING to +2 hat.
  4619 | D:7      | 4619 ||| DROPPING +0 helmet.
  4620 | D:7      | 4620 ||| DROPPING amulet of magic regeneration.
  4621 | D:7      | 4621 ||| READING scroll labelled CAEDAH AWNU.
  4626 | Temple   | Entered the Ecumenical Temple
  4654 | Temple   | 4654 ||| PLANNING OKAWARU WORSHIP
  4676 | Temple   | Became a worshipper of Warmaster Okawaru
  4676 | Temple   | 4676 ||| PLANNING D:1-11
  4722 | D:6      | 4722 ||| INVOKING Spit Poison.
  4733 | D:6      | 4733 ||| INVOKING Spit Poison.
  4775 | D:6      | 4775 ||| INVOKING Spit Poison.
  4818 | D:6      | 4818 ||| INVOKING Spit Poison.
  4821 | D:6      | 4821 ||| INVOKING Spit Poison.
  4824 | D:6      | 4824 ||| INVOKING Spit Poison.
  4900 | D:6      | 4900 ||| INVOKING Spit Poison.
  4903 | D:6      | 4903 ||| INVOKING Spit Poison.
  4974 | D:6      | Reached skill level 9 in Ranged Weapons
  4974 | D:6      | Reached * piety under Okawaru
  4975 | D:6      | 4975 ||| INVOKING Heroism.
  5146 | D:6      | 5146 ||| INVOKING Spit Poison.
  5149 | D:6      | Reached skill level 6 in Fighting
  5149 | D:6      | Noticed Eustachio
  5150 | D:6      | 5150 ||| INVOKING Heroism.
  5151 | D:6      | 5151 ||| INVOKING Spit Poison.
  5153 | D:6      | Killed Eustachio
  5154 | D:6      | Reached skill level 3 in Dodging
  5154 | D:6      | Reached XP level 9. HP: 82/82 MP: 6/9
  5154 | D:6      | 5154 ||| INVOKING Spit Poison.
  5160 | D:6      | Reached skill level 1 in Invocations
  5167 | D:6      | Identified the ring "Bicatul" {EV+5 Str-2 Int+6}
  5168 | D:6      | 5168 ||| INVOKING Heroism.
  5169 | D:6      | 5169 ||| INVOKING Spit Poison.
  5181 | D:6      | 5181 ||| INVOKING Spit Poison.
  5193 | D:6      | 5193 ||| UPGRADING to +5 ring of evasion.
  5194 | D:6      | 5194 ||| READING scroll labelled CUSCHE CINWICIG.
  5195 | D:6      | 5195 ||| DRINKING 2 fizzy dark potions.
  5196 | D:6      | 5196 ||| READING 2 scrolls of identify.
  5196 | D:6      | 5196 ||| IDENTIFYING bubbling inky potion
  5220 | D:5      | 5220 ||| INVOKING Spit Poison.
  5223 | D:5      | 5223 ||| INVOKING Spit Poison.
  5225 | D:5      | 5225 ||| INVOKING Spit Poison.
  5227 | D:5      | 5227 ||| INVOKING Spit Poison.
  5490 | D:5      | 5490 ||| UPGRADING to ring "Bicatul" {EV+5 Str-2 Int+6}.
  5532 | D:6      | 5532 ||| INVOKING Heroism.
  5533 | D:6      | 5533 ||| INVOKING Spit Poison.
  5539 | D:6      | 5539 ||| INVOKING Spit Poison.
  5670 | D:6      | Noticed Duvessa
  5671 | D:6      | 5671 ||| INVOKING Heroism.
  5671 | D:6      | Noticed Dowan
  5672 | D:6      | 5672 ||| INVOKING Spit Poison.
  5675 | D:6      | 5675 ||| INVOKING Spit Poison.
  5676 | D:6      | Killed Duvessa
  5677 | D:6      | Killed Dowan
  6069 | D:6      | 6069 ||| DROPPING +6 ring of intelligence.
  6259 | D:7      | 6259 ||| INVOKING Spit Poison.
  6262 | D:7      | Reached skill level 10 in Ranged Weapons
  6337 | D:7      | 6337 ||| INVOKING Spit Poison.
  6340 | D:7      | Reached skill level 3 in Invocations
  6341 | D:7      | 6341 ||| INVOKING Heroism.
  6343 | D:7      | 6343 ||| UPGRADING to +0 steam dragon scales.
  6344 | D:7      | 6344 ||| UPGRADING to +0 steam dragon scales.
  6347 | D:7      | 6347 ||| INVOKING Spit Poison.
  6350 | D:7      | 6350 ||| UPGRADING to +0 steam dragon scales.
  6355 | D:7      | 6355 ||| INVOKING Spit Poison.
  6358 | D:7      | 6358 ||| UPGRADING to +0 steam dragon scales.
  6361 | D:7      | 6361 ||| UPGRADING to +0 steam dragon scales.
  6371 | D:7      | 6371 ||| DROPPING +0 leather armour.
  6372 | D:7      | 6372 ||| READING scroll labelled ONTAES SUOCH.
  6374 | D:7      | 6374 ||| INVOKING Spit Poison.
  6508 | D:7      | 6508 ||| INVOKING Spit Poison.
  6573 | D:7      | 6573 ||| INVOKING Heroism.
  6736 | D:7      | Reached skill level 1 in Armour
  7011 | D:8      | 7011 ||| INVOKING Heroism.
  7012 | D:8      | 7012 ||| INVOKING Spit Poison.
  7088 | D:8      | 7088 ||| INVOKING Spit Poison.
  7091 | D:8      | 7091 ||| Stepping ~*~*~tactically~*~*~ (outnumbered).
  7092 | D:8      | 7092 ||| INVOKING Spit Poison.
  7095 | D:8      | 7095 ||| INVOKING Spit Poison.
  7161 | D:8      | 7161 ||| INVOKING Spit Poison.
  7163 | D:8      | 7163 ||| INVOKING Heroism.
  7165 | D:8      | 7165 ||| Stepping ~*~*~tactically~*~*~ (outnumbered).
  7166 | D:8      | 7166 ||| INVOKING Spit Poison.
  7170 | D:8      | 7170 ||| INVOKING Spit Poison.
  7346 | D:8      | Found a stormy altar of Qazlal.
  7349 | D:8      | 7349 ||| INVOKING Spit Poison.
  7350 | D:8      | 7350 ||| INVOKING Spit Poison.
  7352 | D:8      | Reached XP level 10. HP: 94/94 MP: 12/12
  7353 | D:8      | 7353 ||| INVOKING Spit Poison.
  7355 | D:8      | 7355 ||| INVOKING Spit Poison.
  7357 | D:8      | 7357 ||| INVOKING Heroism.
  7358 | D:8      | 7358 ||| INVOKING Spit Poison.
  7360 | D:8      | Reached skill level 11 in Ranged Weapons
  7499 | D:8      | Noticed Grum
  7500 | D:8      | 7500 ||| INVOKING Heroism.
  7501 | D:8      | 7501 ||| INVOKING Spit Poison.
  7502 | D:8      | Killed Grum
  7505 | D:8      | 7505 ||| INVOKING Spit Poison.
  7527 | D:8      | Found Luxoss's Elemental Accessories.
  7614 | D:8      | Found a basalt altar of Yredelemnul.
  7615 | D:8      | Found a blossoming altar of Fedhas.
  7624 | D:8      | Found an opulent altar of Gozag.
  7626 | D:8      | Found a white marble altar of Elyvilon.
  7627 | D:8      | Found a broken altar of Ashenzari.
  7628 | D:8      | 7628 ||| INVOKING Spit Poison.
  7631 | D:8      | 7631 ||| INVOKING Spit Poison.
  7653 | D:8      | Found an ornate altar of the Wu Jian Council.
  7657 | D:8      | Found an ancient bone altar of Kikubaaqudgha.
  7781 | D:9      | 7781 ||| INVOKING Spit Poison.
  7784 | D:9      | 7784 ||| INVOKING Spit Poison.
  7786 | D:9      | 7786 ||| INVOKING Spit Poison.
  7788 | D:9      | 7788 ||| STAIRDANCE
  7791 | D:8      | 7791 ||| INVOKING Heroism.
  7792 | D:8      | 7792 ||| INVOKING Spit Poison.
  7925 | D:9      | 7925 ||| INVOKING Spit Poison.
  7928 | D:9      | Reached ** piety under Okawaru
  7948 | D:9      | 7948 ||| INVOKING Spit Poison.
  7952 | D:9      | 7952 ||| INVOKING Heroism.
  7953 | D:9      | 7953 ||| INVOKING Spit Poison.
  7956 | D:9      | 7956 ||| INVOKING Spit Poison.
  7961 | D:9      | 7961 ||| INVOKING Spit Poison.
  7965 | D:9      | 7965 ||| INVOKING Spit Poison.
  7966 | D:9      | 7966 ||| INVOKING Heroism.
  8084 | D:9      | 8084 ||| INVOKING Spit Poison.
  8086 | D:9      | 8086 ||| Stepping ~*~*~tactically~*~*~ (outnumbered).
  8088 | D:9      | 8088 ||| INVOKING Spit Poison.
  8092 | D:9      | 8092 ||| INVOKING Spit Poison.
  8095 | D:9      | 8095 ||| INVOKING Heroism.
  8096 | D:9      | 8096 ||| INVOKING Spit Poison.
  8099 | D:9      | 8099 ||| INVOKING Spit Poison.
  8102 | D:9      | 8102 ||| INVOKING Spit Poison.
  8106 | D:9      | 8106 ||| INVOKING Spit Poison.
  8109 | D:9      | 8109 ||| INVOKING Spit Poison.
  8112 | D:9      | 8112 ||| INVOKING Spit Poison.
  8327 | D:9      | 8327 ||| INVOKING Spit Poison.
  8331 | D:9      | 8331 ||| INVOKING Spit Poison.
  8340 | D:9      | 8340 ||| INVOKING Spit Poison.
  8345 | D:9      | 8345 ||| INVOKING Spit Poison.
  8351 | D:9      | 8351 ||| INVOKING Heroism.
  8353 | D:9      | Reached skill level 12 in Ranged Weapons
  8359 | D:9      | 8359 ||| INVOKING Heroism.
  8369 | D:9      | 8369 ||| INVOKING Heroism.
  8461 | D:9      | 8461 ||| FLEEEEING.
  8462 | D:9      | 8462 ||| FLEEEEING.
  8515 | D:9      | 8515 ||| FLEEEEING.
  8516 | D:9      | 8516 ||| FLEEEEING.
  8517 | D:9      | 8517 ||| FLEEEEING.
  8518 | D:9      | 8518 ||| FLEEEEING.
  8602 | D:9      | Found a staircase to the Orcish Mines.
  8675 | D:9      | 8675 ||| READING 3 scrolls of identify.
  8675 | D:9      | 8675 ||| IDENTIFYING sedimented pink potion
  8676 | D:9      | 8676 ||| READING 2 scrolls of identify.
  8676 | D:9      | 8676 ||| IDENTIFYING cyan potion
  8677 | D:9      | 8677 ||| DROPPING potion of lignification.
  8678 | D:9      | 8678 ||| DROPPING potion of berserk rage.
  8695 | D:10     | Entered Level 10 of the Dungeon
  8712 | D:10     | Noticed a two-headed ogre
  8713 | D:10     | 8713 ||| INVOKING Heroism.
  8715 | D:10     | Killed a two-headed ogre
  8716 | D:10     | Reached XP level 11. HP: 103/103 MP: 11/14
  8758 | D:10     | Found a runed translucent gate.
  8759 | D:10     | Found a runed translucent gate.
  8760 | D:10     | Found a runed translucent gate.
  8763 | D:10     | Noticed qw's ghost (novice NaHu)
  8882 | D:10     | 8882 ||| INVOKING Spit Poison.
  8885 | D:10     | 8885 ||| INVOKING Spit Poison.
  8916 | D:10     | 8916 ||| INVOKING Spit Poison.
  8931 | D:10     | Reached skill level 13 in Ranged Weapons
  8935 | D:10     | 8935 ||| INVOKING Spit Poison.
  8939 | D:10     | 8939 ||| INVOKING Spit Poison.
  9015 | D:10     | Noticed Fannar
  9018 | D:10     | 9018 ||| INVOKING Spit Poison.
  9019 | D:10     | Killed Fannar
  9019 | D:10     | Reached *** piety under Okawaru
  9093 | D:10     | Noticed a 12-headed hydra
  9238 | D:10     | 9238 ||| INVOKING Spit Poison.
  9242 | D:10     | 9242 ||| INVOKING Spit Poison.
  9411 | D:10     | 9411 ||| UPGRADING to +2 robe of cold resistance.
  9421 | D:10     | 9421 ||| READING scroll labelled PINLUR OGHOFEOSME.
  9429 | D:11     | 9429 ||| INVOKING Spit Poison.
  9431 | D:11     | Noticed a cyclops
  9432 | D:11     | 9432 ||| INVOKING Heroism.
  9434 | D:11     | 9434 ||| INVOKING Spit Poison.
  9436 | D:11     | Reached skill level 9 in Fighting
  9439 | D:11     | 9439 ||| INVOKING Spit Poison.
  9441 | D:11     | 9441 ||| STAIRDANCE
  9443 | D:10     | 9443 ||| INVOKING Spit Poison.
  9446 | D:10     | 9446 ||| INVOKING Heroism.
  9447 | D:10     | 9447 ||| INVOKING Spit Poison.
  9450 | D:10     | 9450 ||| INVOKING Spit Poison.
  9453 | D:10     | 9453 ||| INVOKING Spit Poison.
  9595 | D:11     | Noticed a two-headed ogre
  9596 | D:11     | 9596 ||| INVOKING Heroism.
  9597 | D:11     | 9597 ||| INVOKING Spit Poison.
  9602 | D:11     | 9602 ||| INVOKING Spit Poison.
  9602 | D:11     | Noticed a boulder beetle
  9604 | D:11     | Killed a cyclops
  9607 | D:11     | 9607 ||| INVOKING Spit Poison.
  9610 | D:11     | 9610 ||| INVOKING Spit Poison.
  9613 | D:11     | 9613 ||| STAIRDANCE
  9615 | D:10     | 9615 ||| INVOKING Spit Poison.
  9616 | D:10     | 9616 ||| INVOKING Heroism.
  9618 | D:10     | HP: 21/106 [yak (10)]
  9619 | D:10     | 9619 ||| READING scroll of teleportation.
  9620 | D:10     | 9620 ||| DRINKING 2 potions of heal wounds.
  9621 | D:10     | 9621 ||| INVOKING Spit Poison.
  9811 | D:10     | 9811 ||| INVOKING Spit Poison.
  9814 | D:10     | 9814 ||| INVOKING Spit Poison.
  9835 | D:11     | 9835 ||| INVOKING Heroism.
  9836 | D:11     | 9836 ||| INVOKING Spit Poison.
  9840 | D:11     | 9840 ||| INVOKING Spit Poison.
  9841 | D:11     | HP: 24/106 [boulder beetle (22)]
  9842 | D:11     | 9842 ||| STAIRDANCE
  9844 | D:10     | 9844 ||| DRINKING potion of heal wounds.
  9845 | D:10     | 9845 ||| INVOKING Spit Poison.
  9846 | D:10     | Killed a two-headed ogre
  9847 | D:10     | 9847 ||| INVOKING Heroism.
  9849 | D:10     | 9849 ||| INVOKING Spit Poison.
  9851 | D:10     | HP: 10/106 [boulder beetle (22)]
  9853 | D:10     | HP: 4/106 [yak (7)]
  9854 | D:10     | 9854 ||| INVOKING Spit Poison.
  9858 | D:10     | 9858 ||| INVOKING Spit Poison.
  9859 | D:10     | Killed a boulder beetle
  9861 | D:10     | Reached skill level 14 in Ranged Weapons
 10139 | D:11     | 10139 ||| INVOKING Spit Poison.
 10140 | D:11     | Reached **** piety under Okawaru
 10143 | D:11     | 10143 ||| INVOKING Spit Poison.
 10146 | D:11     | 10146 ||| INVOKING Spit Poison.
 10162 | D:11     | 10162 ||| FLEEEEING.
 10163 | D:11     | 10163 ||| FLEEEEING.
 10164 | D:11     | 10164 ||| INVOKING Spit Poison.
 10166 | D:11     | Reached XP level 12. HP: 109/114 MP: 15/15
 10173 | D:11     | 10173 ||| STAIRDANCE
 10289 | D:11     | Found a staircase to the Lair.
 10299 | D:11     | Noticed a soul eater
 10569 | D:11     | Found a portal to a secret trove of treasure.
 10943 | D:11     | 10943 ||| PLANNING LAIR
 10943 | D:11     | 10943 ||| UPGRADING to scarf of resistance.
 10948 | D:11     | 10948 ||| READING scroll labelled ZETREGR PEJUPE.
 11106 | Lair:1   | Entered Level 1 of the Lair of Beasts
 11113 | Lair:1   | 11113 ||| INVOKING Heroism.
 11119 | Lair:1   | Reached skill level 6 in Invocations
 11152 | Lair:1   | 11152 ||| INVOKING Heroism.
 11297 | Lair:1   | Noticed a catoblepas
 11298 | Lair:1   | 11298 ||| Stepping ~*~*~tactically~*~*~ (cloud).
 11300 | Lair:1   | 11300 ||| INVOKING Heroism.
 11307 | Lair:1   | 11307 ||| Stepping ~*~*~tactically~*~*~ (cloud).
 11308 | Lair:1   | Killed a catoblepas
 11414 | Lair:1   | 11414 ||| INVOKING Heroism.
 11440 | Lair:1   | Reached ***** piety under Okawaru
 11760 | Lair:1   | Noticed Nergalle
 11761 | Lair:1   | 11761 ||| INVOKING Heroism.
 11765 | Lair:1   | Killed Nergalle
 11792 | Lair:1   | 11792 ||| INVOKING Heroism.
 11793 | Lair:1   | HP: 23/116 [yak (10)]
 11794 | Lair:1   | 11794 ||| DRINKING potion of heal wounds.
 11796 | Lair:1   | HP: 5/116 [yak (11)]
 11799 | Lair:1   | Mangled by a yak

Levels and vault maps discovered:
D:1:      nzn_arrival_water_spiral, layout_basic, hangedman_glass_teeth,
          reono_crystal_passage, minmay_shallow_snake_nest
D:2:      minmay_inner_zag, layout_loops_ring,
          hellmonk_ecumenical_altar_crossroads, kennysheep_cluttered_room,
          feat_on_display
D:3:      layout_loops_cross, nicolae_overflow_hidden_temple, minmay_between
D:4:      layout_basic, serial_shops, nicolae_shop_crystal
D:5:      layout_loops_corners
D:6:      dreamdust_elfheim, layout_loops_ring, uniq_eustachio
D:7:      wad_woods_pond, layout_basic, temple_doors_e
D:8:      layout_loops_cross, old_standard_altar,
          nicolae_overflow_hallway_of_the_gods, grunt_ogre_cave,
          nicolae_elemental_shop, uniq_grum
D:9:      layout_big_octagon, zombieorc2_lemuel
D:10:     layout_irregular_city, gammafunk_ghost_hydra_chop, uniq_fannar
D:11:     layout_basic, minmay_lair_entry_grove, enter_trove_0
Temple:   nicolae_temple_god_jail
Lair:1:   layout_long_grid, nicolae_lair_lindhole, uniq_urug, uniq_nergalle

Skill      XL: |  1  2  3  4  5  6  7  8  9 10 11 12 |
---------------+-------------------------------------+-----
Ranged Weapons | 4 5 6 8 9 10 12 14 | 14.7
Fighting       | 3 4 6 7 8 9 10 | 10.0
Dodging        | 2 3 4 5 |  5.3
Invocations    | 3 4 8 |  8.3
Armour         | 1 |  1.0
Stealth        | |  1.5

Action                     |  1- 3 |  4- 6 |  7- 9 | 10-12 || total
---------------------------+-------+-------+-------+-------++-------
   Fire: Shortbow          |    27 |       |       |       ||    27
         Arbalest          |    17 |    68 |   128 |   301 ||   514
 Invoke: Heroism           |       |       |     9 |    22 ||    31
Ability: Spit Poison       |    24 |    32 |    45 |    63 ||   164
    Use: Scroll            |     4 |    11 |     5 |     5 ||    25
         Potion            |     1 |     2 |     2 |     3 ||     8
 Armour: Leather armour    |     3 |    16 |    24 |       ||    43
         Steam dragon scal |       |       |     1 |    57 ||    58
         Skin              |       |       |     1 |       ||     1
         Robe              |       |       |       |    38 ||    38
  Dodge: Dodged            |    10 |    23 |   105 |   831 ||   969

Table legend:
 A = Non-vault XP
 B = Vault XP
 C = Vault XP percentage of total XP
 D = Non-vault monster count
 E = Vault monster count
 F = Vault count percentage of total count
                 A         B        C        D         E       F
            +---------+---------+-------+---------+---------+-------
      Total |   21873 |    7216 |  24.8 |     246 |      70 |  22.2
            +---------+---------+-------+---------+---------+-------
        D:1 |      39 |       0 |   0.0 |      21 |       0 |   0.0
        D:2 |     157 |      11 |   6.5 |      22 |       6 |  21.4
        D:3 |      50 |       8 |  13.8 |      15 |       4 |  21.1
        D:4 |     435 |       0 |   0.0 |      27 |       0 |   0.0
        D:5 |     625 |       0 |   0.0 |      12 |       0 |   0.0
        D:6 |    1328 |     425 |  24.2 |      28 |       3 |   9.7
        D:7 |     924 |     129 |  12.3 |      14 |       1 |   6.7
        D:8 |    1735 |     548 |  24.0 |      19 |       4 |  17.4
        D:9 |    1749 |     804 |  31.5 |      24 |      36 |  60.0
       D:10 |    4764 |    1634 |  25.5 |      20 |       5 |  20.0
       D:11 |    3133 |    1587 |  33.6 |      12 |       8 |  40.0
     Lair:1 |    6934 |    2070 |  23.0 |      32 |       3 |   8.6
            +---------+---------+-------+---------+---------+-------
